 Dungeon Crawl Stone Soup version 0.25-a0-843-g6944ee31a2 (webtiles) character file.

Game seed: 7366250463589676060, levelgen mode: deterministic

32 Esekla the Chiller (level 3, -2/19 HPs)
             Began as a Tengu Ice Elementalist on Apr 26, 2020.
             Slain by Terence
             ... wielding a +0 mace
              (6 damage)
             ... on level 2 of the Dungeon.
             The game lasted 00:07:31 (846 turns).

Esekla the Chiller (Tengu Ice Elementalist)          Turns: 846, Time: 00:07:32

Health: -2/19      AC:  2    Str:  8    XL:     3   Next: 25%
Magic:  1/8        EV: 15    Int: 16    God:
Gold:   20         SH:  0    Dex: 14    Spells: 0/7 levels left

rFire    . . .     SeeInvis .   d - +0 dagger
rCold    . . .     Gourm    .   (no shield)
rNeg     . . .     Faith    .   a - +0 robe
rPois    .         Spirit   .   (helmet restricted)
rElec    .         Reflect  .   (no cloak)
rCorr    .         Harm     .   (no gloves)
MR       .....                  (boots unavailable)
Stlth    ++........             (no amulet)
HPRegen  0.46/turn              (no ring)
MPRegen  0.11/turn              (no ring)

@: frozen ramparts, flying quickly and evasively, very slightly contaminated,
quick
A: beak, horns 1, talons 3, blurry vision 1, regeneration 1, MP-powered wands
a: no special abilities


You were on level 2 of the Dungeon.
You were not hungry.

You visited 1 branch of the dungeon, and saw 2 of its levels.

You collected 20 gold pieces.

Inventory:

Hand Weapons
 d - a +0 dagger (weapon)
Missiles
 e - 4 boomerangs (quivered)
Armour
 a - a +0 robe (worn)
 f - a +0 pair of gloves
Jewellery
 i - an uncursed ring of protection from fire {unknown}
Scrolls
 b - a scroll of blinking {unknown}
 g - 2 scrolls of identify {unknown}
 j - a scroll of teleportation {unknown}
Potions
 h - a potion of flight
 k - 2 potions of berserk rage {unknown}
Comestibles
 c - 3 rations


   Skills:
 + Level 0.2 Fighting
 * Level 1.4 Armour
 + Level 2.5 Dodging
 - Level 2.0 Stealth
 * Level 2.7 Spellcasting
 - Level 3.6 Ice Magic


You couldn't memorise any spells.
You knew the following spells:

 Your Spells              Type           Power        Failure   Level  Hunger
a - Ozocubu's Armour      Chrm/Ice       #.......     26%         3    ###....
c - Freeze                Ice            ##..         4%          1    #......
r - Frozen Ramparts       Ice            ##....       13%         3    ###....

Your spell library contained the following spells:

 Spells                   Type           Power        Failure   Level  Hunger
 Hailstorm                Conj/Ice       #.......     67%         4    #####..
 Summon Ice Beast         Ice/Summ       #.......     67%         4    #####..


Dungeon Overview and Level Annotations

Branches:
Dungeon (2/15)

Altars:
Cheibriados

Annotations:
D:2 Terence


Innate Abilities, Weirdness & Mutations

You have a beak for a mouth.
You have claws for feet.
You have a pair of small horns on your head.
Scrolls take you a little longer to read.
Your natural rate of healing is unusually fast.
You expend magic power (3 MP) to strengthen your wands.


Message History

Terence hits you but does no damage.
You hit Terence. Your kick misses Terence.
Terence is heavily wounded.
Terence resists.
The wall freezes Terence.
Terence barely misses you.
You hit Terence but do no damage.
Terence is heavily wounded.
Terence resists.
The wall freezes Terence.
Terence barely misses you.
You closely miss Terence. Your headbutt misses Terence.
Terence is heavily wounded.
Terence completely resists.
The wall freezes Terence but do no damage.
Terence says, "Don't bother to defend, it's senseless."
Terence hits you with a +0 mace.
* * * LOW HITPOINT WARNING * * *
It was a potion of flight.
You feel very buoyant.
You swoop lightly up into the air.
Terence completely resists.
The wall freezes Terence but do no damage.
Terence hits you with a +0 mace.
You die...

############ ##.###'###..#
#..........# #..# #.# #..#
#..........# #..###.###..#
#..........# #..###_..'..# #
#..........# #..###.###..# #
#..........####..# #.# #..# #
#.(..............###+###..## #
#........>.#.###...........# #
##..........#@# #.#.........#
#..[........#@# #...........#
##.............#####.........#
#..##########...#............#
#...## ###....#.........#
##.#.)# ###..##.........#
#..##.# #...............#
#.###.# .......#.#####.#######
#.###.###.####.##.### #.##


You could see Terence.

Vanquished Creatures
  2 adders (D:2)
  A dart slug (D:1)
  2 goblins
  A hobgoblin (D:1)
  A kobold (D:2)
  A ball python (D:1)
  3 frilled lizards (D:2)
  3 rats
14 creatures vanquished.

Notes
Turn   | Place    | Note
-------+----------+-------------------------------------------
     0 | D:1      | Esekla the Tengu Ice Elementalist began the quest for the
                  | Orb.
     0 | D:1      | Reached XP level 1. HP: 10/10 MP: 4/4
   226 | D:1      | Reached skill level 1 in Armour
   226 | D:1      | Reached XP level 2. HP: 15/15 MP: 3/6
   473 | D:2      | Reached XP level 3. HP: 8/19 MP: 2/8
   480 | D:2      | Gained mutation: Your natural rate of healing is unusually
                  | fast. [potion of mutation]
   480 | D:2      | Gained mutation: You have a pair of small horns on your
                  | head. [potion of mutation]
   480 | D:2      | Gained mutation: Scrolls take you a little longer to read.
                  | [potion of mutation]
   480 | D:2      | Gained mutation: You expend magic power (3 MP) to
                  | strengthen your wands. [potion of mutation]
   582 | D:2      | Learned a level 3 spell: Frozen Ramparts
   586 | D:2      | Learned a level 3 spell: Ozocubu's Armour
   781 | D:2      | Found a snail-covered altar of Cheibriados.
   827 | D:2      | Noticed Terence
   846 | D:2      | Slain by Terence

Levels and vault maps discovered:
D:1:      minmay_arrival_jagged, layout_loops_ring
D:2:      layout_rooms, lemuel_doored_altar, grunt_decor_one_mirror,
          uniq_terence

Skill      XL: |  1 |
---------------+----+-----
Armour         | 1 |  1.4
Fighting       | |  0.2
Dodging        | |  2.5
Stealth        | |  2.0
Spellcasting   | |  2.7
Ice Magic      | |  3.6

Action                   || total
-------------------------++-------
Melee: Unarmed           ||     1
       Peck              ||     1
       Dagger            ||    16
       Kick              ||     4
       Headbutt          ||     2
 Cast: Freeze            ||    15
       Frozen Ramparts   ||     2
  Use: Potion            ||     2
Dodge: Dodged            ||    14

Table legend:
 A = Non-vault XP
 B = Vault XP
 C = Vault XP percentage of total XP
 D = Non-vault monster count
 E = Vault monster count
 F = Vault count percentage of total count
                 A         B        C        D         E       F
            +---------+---------+-------+---------+---------+-------
      Total |      46 |       0 |   0.0 |      14 |       0 |   0.0
            +---------+---------+-------+---------+---------+-------
        D:1 |      11 |       0 |   0.0 |       6 |       0 |   0.0
        D:2 |      35 |       0 |   0.0 |       8 |       0 |   0.0
            +---------+---------+-------+---------+---------+-------
